 Dungeon Crawl Stone Soup version 0.26-a0-540-g8a0c9464d7 (webtiles) character file.

Game seed: 16780948709909347437

16 Lanoc the Skirmisher (level 2, -4/27 HPs)
             Began as a Minotaur Abyssal Knight on Aug 17, 2020.
             Was a Follower of Lugonu.
             Slain by Robin
             ... wielding a +0 mace
              (5 damage)
             ... on level 2 of the Dungeon.
             The game lasted 00:00:37 (164 turns).

Lanoc the Skirmisher (Minotaur Abyssal Knight)       Turns: 164, Time: 00:00:39

Health: -4/27      AC:  3    Str: 16    XL:     2   Next: 37%
Magic:  2/2        EV: 11    Int:  9    God:    Lugonu [*.....]
Gold:   11         SH:  0    Dex:  9    Spells: 1/1 levels left

rFire    . . .     SeeInvis .   a - +1 spear
rCold    . . .     Faith    .   (no shield)
rNeg     . . .     Spirit   .   b - +0 leather armour
rPois    .         Reflect  .   (helmet restricted)
rElec    .         Harm     .   (no cloak)
rCorr    .                      (no gloves)
MR       .....                  (no boots)
Stlth    +.........             (no amulet)
HPRegen  0.09/turn              (no ring)
MPRegen  0.08/turn              (no ring)

@: no status effects
A: retaliatory headbutt, horns 2
a: Depart the Abyss, Renounce Religion


You were on level 2 of the Dungeon.
You worshipped Lugonu.
Lugonu was aware of your devotion.
You visited 1 branch of the dungeon, and saw 2 of its levels.
You visited the Abyss 1 time.

You collected 11 gold pieces.

Inventory:

Hand Weapons
 a - a +1 spear (weapon)
Armour
 b - a +0 leather armour (worn)


   Skills:
 + Level 3.8 Fighting
 * Level 2.9 Polearms
 + Level 2.7 Armour
 + Level 1.3 Dodging
 + Level 2.0 Invocations


You had one spell level left.
You didn't know any spells.
Your spell library was empty.

Dungeon Overview and Level Annotations

Branches:
Dungeon (2/15)

Altars:

Annotations:
D:2 Robin


Innate Abilities, Weirdness & Mutations

You reflexively headbutt those who attack you in melee.
You have a pair of horns on your head.


Message History

Robin is severely wounded.
A goblin comes into view. It is wielding a +0 dagger.
The goblin shouts!
You hit Robin but do no damage.
Robin is severely wounded.
Robin hits you with a +0 mace.
* * * LOW HITPOINT WARNING * * *
You hit Robin but do no damage.
Robin is severely wounded.
Robin completely misses you.
You barely miss Robin. You headbutt Robin.
Robin is almost dead.
Robin roars a battlecry!
The goblin goes into a battle-frenzy!
Things that are here:
a +0 hunting sling; 19 stones; a goblin corpse You barely miss Robin.
Robin is almost dead.
Robin hits you with a +0 mace.
You die...

#.gg.. . #.g.g# .##
####g# ...#...)#
#.<#.g#### #..#..gg.#
##K.....#.###
........#.gg########.#
...##.#####gK.gg@...(#
.#......#...##########
..†##.#.#.###
#.###.#...# #.#
#.##### #.###.#
#.<...# ####..# ..#


You could see Robin, 3 hobgoblins, a goblin (strong) and a kobold.

Vanquished Creatures
  A leopard gecko (D:1)
  A bat (D:2)
  5 goblins (D:2)
  2 hobgoblins (D:2)
  A kobold (D:2)
  A quokka (D:2)
  2 rats (D:1)
13 creatures vanquished.

Notes
Turn   | Place    | Note
-------+----------+-------------------------------------------
     0 | Abyss:1  | Lanoc the Minotaur Abyssal Knight began the quest for the
                  | Orb.
     0 | Abyss:1  | Reached XP level 1. HP: 19/19 MP: 1/1
    26 | D:1      | Escaped the Abyss
   123 | D:2      | Reached XP level 2. HP: 23/27 MP: 2/2
   126 | D:2      | Noticed Robin
   160 | D:2      | HP: 1/27 [Robin/+0 mace (4)]
   164 | D:2      | Slain by Robin

Illustrated notes

Levels and vault maps discovered:
D:1:      psy_arrival_fountain, layout_loops_ring
D:2:      layout_loops_ring, lemuel_round_altar,
          chequers_ecumenical_altar_island, uniq_robin

Skill      XL: |  1  2 |
---------------+-------+-----
Invocations    | 2 |  2.0
Fighting       | |  3.8
Polearms       | |  2.9
Armour         | |  2.7
Dodging        | |  1.3

Action                   || total
-------------------------++-------
Melee: Spear             ||    43
       Headbutt          ||     3
Armor: Leather armour    ||     9
Dodge: Dodged            ||    21

Table legend: (Time is in decaauts)
 A = Elapsed time spent in this place.
 B = Non-inter-level travel time spent in this place.
 C = Inter-level travel time spent in this place.
 D = Time resting spent in this place.
 E = Time spent auto-exploring this place.
 F = Levels seen in this place.
 G = Mean time per level.
                   A        B        C        D        E       F      G
               +--------+--------+--------+--------+--------+-----+--------+
         Total |    161 |    159 |      2 |      0 |     83 |   3 |   53.7 |
       Dungeon |    135 |    133 |      2 |      0 |     64 |   2 |   67.5 |
         Abyss |     26 |     26 |      0 |      0 |     19 |   1 |   26.0 |
               +--------+--------+--------+--------+--------+-----+--------+

Top non-repeatable levels by time:
     D:2: 73 daAuts
     D:1: 61 daAuts
 Abyss:1: 26 daAuts
